 Dungeon Crawl Stone Soup version 0.20.0-15-g7f486f2 (console) character file.

81 bli the Skirmisher (level 4, -1/44 HPs)
             Began as a Draconian Wanderer on June 13, 2017.
             Slain by Natasha (2 damage)
             ... on level 2 of the Dungeon.
             The game lasted 00:08:32 (1504 turns).

bli the Skirmisher (Draconian Wanderer)             Turns: 1504, Time: 00:08:33

Health: -1/44      AC:  5    Str: 16    XL:     4   Next: 20%
Magic:  4/4        EV:  9    Int: 12    God:
Gold:   40         SH:  8    Dex: 10    Spells: 3/3 levels left

rFire    + . .     SeeInvis .   a - +0 mace
rCold    + . .     Gourm    .   s - +0 shield
rNeg     + . .     Faith    .   (armour unavailable)
rPois    +         Spirit   .   (helmet restricted)
rElec    +         Reflect  .   (no cloak)
rCorr    +         Harm     .   (no gloves)
MR       .....                  (no boots)
Stlth    +.........             (no amulet)
Regen    0.2/turn               i - ring of positive energy
MPRegen  0.1/turn               (no ring)

@: resistant, flying, slowed, very slow
A: unfitting armour, cold-blooded, AC +5
a: no special abilities


You were on level 2 of the Dungeon.
You were not hungry.

You visited 1 branch of the dungeon, and saw 3 of its levels.

You collected 40 gold pieces.

Inventory:

Hand Weapons
 a - a +0 mace (weapon)
 b - a +2 hand crossbow
 t - a +0 quarterstaff
Missiles
 c - 26 bolts
 j - 20 sling bullets
 q - 31 stones (quivered)
Armour
 s - a +0 shield (worn)
Jewellery
 i - a ring of positive energy (left hand)
Scrolls
 e - a scroll of magic mapping {unknown}
 g - a scroll of amnesia {unknown}
 o - a scroll of fear {unknown}
 r - a scroll of teleportation {unknown}
Potions
 d - a potion of lignification
 h - 2 potions of resistance
 l - a potion of flight
 m - a potion of curing
Comestibles
 f - a bread ration
 k - 2 meat rations
 n - 2 fruits


   Skills:
 + Level 5.9 Fighting
 - Level 2.0 Staves
 - Level 1.7 Crossbows
 + Level 1.1 Dodging
 + Level 0.4 Stealth
 + Level 2.0 Shields


You had 3 spell levels left.
You didn't know any spells.

Dungeon Overview and Level Annotations

Branches:
Dungeon (3/15)

Altars:

Annotations:
D:2 Natasha


Innate Abilities, Weirdness & Mutations

Your plain brown scales are hard. (AC +5)
You cannot fit into any form of body armour.
You are cold-blooded and may be slowed by cold attacks.


Message History

The bat closely misses you. Natasha casts a spell at you.
The magic dart hits you!
* * * LOW HITPOINT WARNING * * *
Natasha claws you but does no damage.
You closely miss Natasha.
Natasha is almost dead.
The bat closely misses you. Natasha closely misses you.
Your shield prevents you from hitting Natasha.
You tail-slap Natasha, but do no damage.
Natasha is almost dead.
The bat hits you but does no damage.
Natasha stares at you and mumbles some strange words.
You feel yourself slow down.
Your shield prevents you from hitting Natasha.
Natasha is severely wounded.
The bat hits you but does no damage. You block Natasha's attack.
The crimson imp blinks!
Natasha claws you.
* * * LOW HITPOINT WARNING * * *
Natasha claws you.
You die...

..#...........(..#
..#.......h......#
..#..............#
###.)............#
#..............#
#..............# ############
#..............# #..........#
#..........b...# #..........#
#..............# #..........#
###'####......h####..........#
#...5.ยง@'.['..........#
#.......####.....[....#
#.......# #..........#
#.......# #..........#
###+##### #.########## #.# #.#
#)###### #......# #.####.# ###
#.#


You could see Natasha, a crimson imp and a bat.

Vanquished Creatures
  A gnoll (D:1)
  3 adders (D:2)
  A worm (D:2)
  2 leopard geckos
  A ball python (D:1)
  A giant cockroach (D:1)
  4 goblins
  7 hobgoblins
  5 kobolds (D:2)
  A quokka (D:2)
  6 bats
  2 frilled lizards (D:2)
  5 rats
39 creatures vanquished.

Notes
Turn   | Place    | Note
-------+----------+-------------------------------------------
     0 | D:1      | bli the Draconian Wanderer began the quest for the Orb.
     0 | D:1      | bli set off with: a +2 hand crossbow, 26 bolts, a +0 quarterstaff, a potion of lignification, a bread ration
     0 | D:1      | Reached XP level 1. HP: 22/22 MP: 1/1
   134 | D:1      | Reached XP level 2. HP: 24/28 MP: 2/2
   386 | D:1      | Reached skill level 5 in Fighting
   632 | D:2      | Reached XP level 3. HP: 15/36 MP: 3/3
   918 | D:2      | Noticed Natasha
  1122 | D:2      | Reached skill level 1 in Dodging
  1204 | D:2      | Reached XP level 4. HP: 44/44 MP: 4/4
  1498 | D:2      | HP: 2/44 [Natasha (1)]
  1504 | D:2      | HP: 1/44 [Natasha (6)]
  1504 | D:2      | Slain by Natasha

Skill      XL: |  1  2  3 |
---------------+----------+-----
Fighting       | 5 |  5.9
Dodging        | 1 |  1.1
Staves         | |  2.0
Crossbows      | |  1.7
Stealth        | |  0.4
Shields        | |  2.0

Action                   |  1- 3 |  4- 6 || total
-------------------------+-------+-------++-------
Melee: Quarterstaff      |   110 |       ||   110
       Tailslap          |    10 |     6 ||    16
       Mace              |       |    25 ||    25
  Use: Potion            |       |     3 ||     3
 Stab: Sleeping          |     1 |       ||     1
  Eat: Chunk             |     1 |     1 ||     2
Armor: Skin              |    34 |    10 ||    44
Dodge: Dodged            |    69 |     8 ||    77
Block: Shield            |       |     7 ||     7
